 Dungeon Crawl Stone Soup version 0.27.1-4-g1640c2035a (webtiles) character file.

Game seed: 11262573378399531618

522 belegose the Vandal (level 7, -3/52 HPs)
             Began as a Formicid Arcane Marksman on Nov 5, 2021.
             Was an Initiate of Hepliaklqana.
             Slain by a wraith (7 damage)
             ... on level 5 of the Dungeon.
             The game lasted 00:24:07 (6927 turns).

belegose the Vandal (Formicid Arcane Marksman)      Turns: 6927, Time: 00:24:08

Health: -3/52      AC:  5    Str: 14    XL:     7   Next: 46%
Magic:  8/8        EV: 10    Int: 15    God:    Hepliaklqana [......]
Gold:   217        SH:  0    Dex: 11    Spells: 7/8 levels left

rFire    . . .     SeeInvis +   b - +4 rapier
rCold    . . .     Faith    .   (no shield)
rNeg     . . .     Spirit   .   q - +0 ring mail
rPois    .         Reflect  .   (helmet unavailable)
rElec    .         Harm     .   (no cloak)
rCorr    .         Rampage  .   (no gloves)
Will     .....                  (no boots)
Stlth    ++........             (no amulet)
HPRegen  0.17/turn              (no ring)
MPRegen  0.11/turn              (no ring)

@: no status effects
A: permanent stasis, dig shafts and tunnels, antennae 3, four strong arms,
deterioration 1
a: Dig, Shaft Self, Renounce Religion


You were on level 5 of the Dungeon.
You worshipped Hepliaklqana.
Hepliaklqana was noncommittal.
You visited 2 branches of the dungeon, and saw 6 of its levels.

You collected 217 gold pieces.

Inventory:

Hand Weapons
 a - a +0 hunting sling
 b - a +4 rapier (weapon)
 o - a +3 falchion
Missiles
 e - 26 poisoned darts (quivered)
 g - 129 stones
 n - 9 boomerangs
 r - 5 sling bullets
Armour
 q - a +0 ring mail (worn)
Scrolls
 c - a scroll of torment {unknown}
 f - a scroll of enchant armour {unknown}
 h - 4 scrolls of identify {unknown}
 j - a scroll of fear {unknown}
 k - 2 scrolls of vulnerability {unknown}
 m - 3 scrolls of amnesia {unknown}
 p - a scroll of magic mapping {unknown}
 s - a scroll of enchant weapon {unknown}


   Skills:
 + Level 3.6 Fighting
 + Level 1.5 Short Blades
 - Level 0.7 Maces & Flails
 + Level 4.3 Slings
 + Level 3.3 Armour
 - Level 1.7 Dodging
 + Level 4.3 Stealth
 - Level 1.1 Spellcasting
 - Level 3.6 Hexes
 + Level 1.7 Invocations


You had 7 spell levels left.
You knew the following spells:

 Your Spells              Type           Power      Damage    Failure   Level
a - Corona                Hex            12%        N/A       11%         1

Your spell library contained the following spells:

 Spells                   Type           Power      Damage    Failure   Level
 Slow                     Hex            11%        N/A       17%         2
 Inner Flame              Hex/Fire       6%         N/A       56%         3
 Portal Projectile        Hex/Tloc       12%        N/A       56%         3
 Cause Fear               Hex            5%         N/A       73%         4
 Blade Hands              Tmut           0%         N/A       100%        5
 Excruciating Wounds      Necr           0%         N/A       100%        5
 Discord                  Hex            5%         N/A       100%        8


Dungeon Overview and Level Annotations

Branches:
Dungeon (5/15)             Temple (1/1) D:4

Altars:
Ashenzari
Cheibriados
Dithmenos
Elyvilon
Fedhas
Gozag
Hepliaklqana
Kikubaaqudgha
Makhleb
Nemelex Xobeh
Okawaru
Qazlal
Ru
Sif Muna
Trog
Uskayaw
Vehumet
Wu Jian
Xom
Yredelemnul
Zin
The Shining One

Shops:
D:3 [


Innate Abilities, Weirdness & Mutations

You cannot be hasted, slowed, berserked, paralysed or teleported.
You can dig through walls and to a lower floor.
You have a pair of large antennae on your head. (SInv)
Your four strong arms can wield two-handed weapons with a shield.
Your body sometimes deteriorates upon taking damage.


Message History

The wraith is heavily damaged.
The wraith hits you. The wraith drains your vigour!
Your stasis prevents you from being slowed.
You hit the wraith.
The wraith is severely damaged.
The wraith hits you but does no damage.
You hit the wraith.
The wraith is severely damaged.
The wraith closely misses you.
You barely miss the wraith.
The wraith is severely damaged.
The wraith hits you! The wraith drains your vigour!
Your stasis prevents you from being slowed.
You hit the wraith but do no damage.
The wraith is severely damaged.
The wraith closely misses you. x2
It was a potion of mutation.
You feel extremely strange.
You feel yourself wasting away. The wraith barely misses you.
You hit the wraith but do no damage.
The wraith is severely damaged.
The wraith hits you!
* * * LOW HITPOINT WARNING * * *
You puncture the wraith!
The wraith is almost destroyed.
The wraith barely misses you.
You barely miss the wraith.
The wraith is almost destroyed.
The wraith hits you.
* * * LOW HITPOINT WARNING * * *
You closely miss the wraith.
The wraith is almost destroyed.
The wraith hits you!
* * * LOW HITPOINT WARNING * * *
The wraith drains your vigour!
Your stasis prevents you from being slowed.
You barely miss the wraith.
The wraith is almost destroyed.
The wraith hits you!
You die...

#.. ... #.. #.#
#.###.#
###.....#
........#
#....[<######
####.........#
......?.W#.#..##
####..#.@.......
#..######...#
#.# ... ## .


You could see a wraith.

Vanquished Creatures
  Blork the orc (D:4)
  A centaur zombie (D:4)
  6 orc priests
  An iguana (D:4)
  Natasha (twice) (D:3)
  5 adders
  An adder skeleton (D:4)
  2 worms
  5 dart slugs
  6 orcs
  7 endoplasms
  2 giant cockroaches
  6 goblins
  11 hobgoblins
  4 jackals (D:1)
  6 kobolds
  A quokka (D:3)
  6 ball pythons
  9 bats
  9 frilled lizards
  3 rats
94 creatures vanquished.

Vanquished Creatures (others)
  Natasha (D:3)
1 creature vanquished.

Grand Total: 95 creatures vanquished

Notes
Turn   | Place    | Note
-------+----------+-------------------------------------------
     0 | D:1      | belegose the Formicid Arcane Marksman began the quest for
                  | the Orb.
     0 | D:1      | Reached XP level 1. HP: 15/15 MP: 2/2
    95 | D:1      | Reached XP level 2. HP: 5/21 MP: 3/3
   344 | D:1      | Reached skill level 1 in Stealth
   765 | D:1      | Reached skill level 1 in Armour
   869 | D:1      | Reached XP level 3. HP: 27/27 MP: 4/4
  1675 | D:2      | Found a faded altar of an unknown god.
  1807 | D:2      | Reached XP level 4. HP: 33/33 MP: 5/5
  2485 | D:3      | Noticed Natasha
  2490 | D:3      | Killed Natasha
  2491 | D:3      | Reached XP level 5. HP: 39/39 MP: 6/6
  2727 | D:3      | Noticed Natasha
  2751 | D:3      | Killed Natasha
  2780 | D:3      | Noticed Natasha
  3902 | D:3      | Killed Natasha
  3903 | D:3      | Reached XP level 6. HP: 47/47 MP: 7/7
  4236 | D:3      | Found Irafoa's Antique Armour Boutique.
  4710 | D:4      | Found a staircase to the Ecumenical Temple.
  4765 | Temple   | Entered the Ecumenical Temple
  4841 | Temple   | Became a worshipper of Hepliaklqana the Forgotten
  4857 | D:4      | Noticed Blork the orc
  5304 | D:4      | Reached skill level 1 in Short Blades
  5304 | D:4      | Reached skill level 1 in Invocations
  5304 | D:4      | Reached XP level 7. HP: 44/52 MP: 8/8
  6309 | D:4      | Killed Blork the orc
  6656 | D:4      | Found a hide-covered altar of Uskayaw.
  6897 | D:5      | Entered Level 5 of the Dungeon
  6898 | D:5      | Noticed a wraith
  6922 | D:5      | Gained mutation: Your body sometimes deteriorates upon
                  | taking damage. [potion of mutation]
  6927 | D:5      | Slain by a wraith

Illustrated notes

Levels and vault maps discovered:
D:1:      minmay_arrival_stair_chambers, layout_basic
D:2:      layout_rooms, basic_ecumenical_altar
D:3:      layout_basic, serial_shops, nicolae_shop_overgrown_old_shop,
          minmay_quantized, uniq_natasha
D:4:      layout_cave_pools, mainiacjoe_overflow_six_doors_small,
          minmay_temple_entry_offerings, uniq_blork_the_orc
D:5:      layout_rooms, serial_rivers, chequers_serial_rivers_small_b,
          chequers_serial_rivers_small_3, chequers_serial_rivers_small_a,
          chequers_serial_rivers_marsh, chequers_serial_rivers_small_b,
          minmay_gold_behind_fungi, uniq_menkaure, uniq_prince_ribbit1,
          uniq_eustachio
Temple:   grunt_wide_crystal_templ

Skill      XL: |  1  2  3  4  5  6  7 |
---------------+----------------------+-----
Stealth        | 1 2 3 4 |  4.3
Armour         | 1 2 3 |  3.3
Fighting       | 2 3 |  3.6
Slings         | 3 4 |  4.3
Short Blades   | 1 |  1.5
Invocations    | 1 |  1.7
Maces & Flails | |  0.7
Dodging        | |  1.7
Spellcasting   | |  1.1
Hexes          | |  3.6

Action                   |  1- 3 |  4- 6 |  7- 9 || total
-------------------------+-------+-------+-------++-------
Melee: Unarmed           |     9 |       |       ||     9
       Dagger            |    52 |    60 |       ||   112
       Mace              |       |    36 |       ||    36
       Rapier            |       |    20 |    42 ||    62
 Fire: Hunting sling     |    81 |    94 |    22 ||   197
Throw: Dart              |       |    25 |    15 ||    40
       Boomerang         |       |     2 |       ||     2
  Use: Scroll            |     1 |       |       ||     1
       Potion            |       |       |     3 ||     3
 Stab: Sleeping          |     1 |     6 |       ||     7
Armor: Robe              |    17 |    41 |     1 ||    59
       Ring mail         |       |       |     2 ||     2
Dodge: Dodged            |    80 |   112 |    27 ||   219
